 Dungeon Crawl Stone Soup version 0.25.1-2-g60ff931df9 (webtiles) character file.

Game seed: 6761960848468634436

77975 gruber the Tortoise (level 15, -16/136 HPs)
             Began as a Minotaur Fighter on Dec 3, 2020.
             Was the Champion of Okawaru.
             Demolished by a white ugly thing (36 damage)
             ... on level 15 of the Dungeon.
             The game lasted 00:23:09 (22422 turns).

gruber the Tortoise (Minotaur Fighter)             Turns: 22422, Time: 00:23:10

Health: -16/136    AC: 16    Str: 28    XL:     15   Next: 16%
Magic:  22/23      EV: 17    Int:  7    God:    Okawaru [******]
Gold:   1213       SH: 21    Dex: 11    Spells: 14/14 levels left

rFire    . . .     SeeInvis +   i - +2 demon trident (elec)
rCold    x . .     Gourm    .   c - +0 kite shield
rNeg     + . .     Faith    .   O - +1 scale mail "Zeahej" {rF- MR+ Dex+2 SInv}
rPois    .         Spirit   .   (helmet restricted)
rElec    .         Reflect  +   t - +0 cloak
rCorr    .         Harm     .   (no gloves)
MR       +++..                  D - +0 pair of boots
Stlth    +.........             U - amulet of reflection
HPRegen  0.32/turn              T - ring of protection from magic
MPRegen  0.18/turn              S - ring of Harmony {rF+ rC- rN+ MP+9 Int+2}

@: heroism
A: retaliatory headbutt, horns 2
a: Heroism, Finesse, Renounce Religion


You were on level 15 of the Dungeon.
You worshipped Okawaru.
Okawaru was exalted by your worship.
You were near starving.

You visited 3 branches of the dungeon, and saw 22 of its levels.
You also visited: Ossuary.

You collected 1384 gold pieces.
You spent 171 gold pieces at shops.

Inventory:

Hand Weapons
 i - a +2 demon trident of electrocution (weapon)
 K - the +8 lance "Wyrmbane" {slay drac, rPois rF+ rC+ AC+3}
   (You found it on level 5 of the Dungeon)

   It affects your AC (+3).
   It protects you from fire.
   It protects you from cold.
   It protects you from poison.
Missiles
 y - 65 poisoned darts (quivered)
 P - 7 curare-tipped darts
Armour
 c - a +0 kite shield (worn)
 t - a +0 cloak (worn)
 D - a +0 pair of boots (worn)
 O - the +1 scale mail "Zeahej" (worn) {rF- MR+ Dex+2 SInv}
   (You bought it in a shop on level 6 of the Dungeon)

   It affects your dexterity (+2).
   It makes you vulnerable to fire.
   It affects your resistance to hostile enchantments.
   It lets you see invisible.
Jewellery
 S - the ring of Harmony (right hand) {rF+ rC- rN+ MP+9 Int+2}
   (You found it on level 12 of the Dungeon)

   [ring of magical power]

   It affects your intelligence (+2).
   It protects you from fire.
   It makes you vulnerable to cold.
   It protects you from negative energy.
   It affects your magic capacity (+9).
 T - a ring of protection from magic (left hand)
 U - an amulet of reflection (around neck)
 X - an uncursed ring of positive energy
Wands
 g - a wand of flame (10)
 p - a wand of disintegration (7)
 z - a wand of acid (8)
 B - a wand of digging (10)
 F - a wand of iceblast (7)
 M - a wand of enslavement (16)
 N - a wand of polymorph (18)
 Y - a wand of paralysis (3)
Scrolls
 b - a scroll of holy word {unknown}
 e - 13 scrolls of teleportation
 h - 3 scrolls of noise {unknown}
 j - 6 scrolls of immolation {unknown}
 k - 6 scrolls of amnesia {unknown}
 l - 12 scrolls of identify
 n - 4 scrolls of magic mapping {unknown}
 s - 3 scrolls of fear {unknown}
 u - 14 scrolls of remove curse
 x - 2 scrolls of random uselessness {unknown}
 C - 2 scrolls of blinking {unknown}
 J - 4 scrolls of fog {unknown}
 L - 9 scrolls of enchant armour {unknown}
 R - 2 scrolls of enchant weapon {unknown}
 V - a scroll of summoning {unknown}
 W - a scroll of silence {unknown}
Potions
 a - 3 potions of invisibility
 d - 6 potions of might
 m - 5 potions of lignification
 o - 5 potions of stabbing
 q - 3 potions of berserk rage
 v - 4 potions of flight
 w - 4 potions of heal wounds
 A - 5 potions of brilliance
 E - 9 potions of curing
 G - 3 potions of magic
 H - 3 potions of cancellation
 I - 2 potions of haste
Comestibles
 f - 36 rations


   Skills:
 - Level 13.4(18.4) Fighting
   Level 6.0(11.0) Long Blades
 * Level 14.1(19.1) Polearms
 - Level 5.1(10.1) Throwing
 - Level 16.0(21.0) Armour
 - Level 8.1(13.1) Dodging
 - Level 14.1(19.1) Shields


You had 14 spell levels left.
You didn't know any spells.
Your spell library contained the following spells:

 Spells                   Type           Power        Failure   Level  Hunger
 Animate Skeleton         Necr           N/A          56%         1    ##.....
 Apportation              Tloc           #.....       56%         1    ##.....
 Beastly Appendage        Tmut           #.....       56%         1    ##.....
 Corona                   Hex            #......      56%         1    ##.....
 Pain                     Necr           #...         56%         1    ##.....
 Summon Small Mammal      Summ           #...         56%         1    ##.....
 Call Imp                 Summ           #.......     71%         2    ###....
 Sticks to Snakes         Tmut           #.......     71%         2    ###....
 Call Canine Familiar     Summ           #.......     91%         3    ####...
 Confusing Touch          Hex            #.......     91%         3    ####...
 Gell's Gravitas          Tloc           #.........   91%         3    ####...
 Spider Form              Tmut/Pois      #.........   91%         3    ####...
 Summon Guardian Golem    Hex/Summ       #.......     91%         3    ####...
 Vampiric Draining        Necr           #.........   91%         3    ####...
 Animate Dead             Necr           N/A          100%        4    #####..
 Ice Form                 Ice/Tmut       #.......     100%        4    #####..
 Leda's Liquefaction      Hex/Erth       #.........   100%        4    #####..
 Petrify                  Tmut/Erth      #.......     100%        4    #####..
 Summon Ice Beast         Ice/Summ       #.......     100%        4    #####..
 Summon Lightning Spire   Summ/Air       #.......     100%        4    #####..
 Agony                    Necr           #.......     100%        5    ######.
 Blade Hands              Tmut           #.........   100%        5    ######.
 Bolt of Magma            Conj/Fire/Erth #.........   100%        5    ######.
 Metabolic Englaciation   Hex/Ice        #.........   100%        5    ######.
 Yara's Violent Unravell  Hex/Tmut       #.........   100%        5    ######.
 Iron Shot                Conj/Erth      #.........   100%        6    #######
 Statue Form              Tmut/Erth      #........    100%        6    #######
 Shatter                  Erth           #.........   100%        9    #######


Dungeon Overview and Level Annotations

Branches:
Dungeon (15/15)            Temple (1/1) D:6            Lair (6/6) D:10
 Shoals (0/4) Lair:3        Snake (0/4) Lair:3          Orc (0/2) D:10
 Vaults (0/5) D:13         Depths (0/5) D:15        Ossuary (visited)
  Slime: Lair:5-6

Altars:
Ashenzari
Cheibriados
Dithmenos
Elyvilon
Fedhas
Gozag
Hepliaklqana
Kikubaaqudgha
Makhleb
Nemelex Xobeh
Okawaru
Qazlal
Ru
Sif Muna
Trog
Uskayaw
Vehumet
Wu Jian
Xom
Yredelemnul
Zin
The Shining One

Shops:
D:6 [

Annotations:
D:14 exclusion: obsidian statue


Innate Abilities, Weirdness & Mutations

You reflexively headbutt those who attack you in melee.
You have a pair of horns on your head.


Message History

The volley of spikes hits the manticore.
Attack whom?
Press: ? - help, Dir - move target cursor, f/p - white ugly thing
Aim: a white ugly thing (lightly wounded)
You impale the white ugly thing!!
Lightning courses through the white ugly thing!
Your headbutt misses the white ugly thing.
The white ugly thing is almost dead.
The green ugly thing's soul is no longer bound.
The white ugly thing claws you! The white ugly thing freezes you!!!
You feel a terrible chill!
* * * LOW HITPOINT WARNING * * *
Unknown command.
Unknown command.
You feel much better.
The cyclops throws a large rock.
You reflect the large rock off an invisible shield around you!
The large rock hits the cyclops!!
The white ugly thing claws you.
* * * LOW HITPOINT WARNING * * *
The white ugly thing freezes you!!!
You feel a terrible chill!
You die... ..P. ##...###### Pu..

##....# ...8 ##....##
.u..## ##.....# .PPu.#
##.....##
.....###......#
.8...##......## .
P.....).....Z#######....
P8.8...†....Zuuu@...C...
...#####.....u####......
8.# #..##### H...( ..
.(.## ...( # ....# ...
###..# .. ##.. .


You could see 4 ugly things, a manticore (skewered), a cyclops, a yaktaur
captain zombie and a titan zombie.

Vanquished Creatures
  Nessos (D:12)
  An ogre mage (D:13)
  6 hydras
  Erica (D:9)
  5 two-headed ogres
  3 centaur warriors
  A tengu warrior (D:12)
  Sonja (Lair:5)
  A fire crab (Lair:5)
  A skeletal warrior (D:15)
  A deep elf mage (D:14)
  A necromancer (D:15)
  A manticore (D:14)
  3 cyclopes
  5 ugly things
  5 elephants (Lair:5)
  A torpor snail (Lair:4)
  4 black mambas
  Maurice (D:11)
  Psyche (D:9)
  10 spiny frogs
  A kobold demonologist (D:8)
  An efreet (D:14)
  5 centaur skeletons
  8 komodo dragons
  4 rime drakes
  A yaktaur (D:12)
  3 meliai
  5 trolls
  A wolf spider simulacrum (D:14)
  A tyrant leech (Lair:5)
  3 polar bears
  4 slime creatures (D:14)
  A hornet (D:14)
  7 hippogriffs
  2 dream sheep (Lair:4)
  9 blink frogs
  4 shadows
  A spriggan (D:12)
  Sigmund (D:4)
  A wyvern (Lair:3)
  2 wraiths
  A human (D:10)
  14 yaks
  A hungry ghost (D:13)
  4 basilisks
  A water elemental (D:14)
  9 vampire mosquitoes
  A steam dragon (D:8)
  Edmund (D:4)
  A warg (D:10)
  4 nagas (Lair:3)
  12 water moccasins
  9 porcupines
  4 ice beasts
  6 sky beasts
  9 orc warriors
  A black bear (shapeshifter) (D:14)
  A hornet zombie (D:13)
  2 black bears
  3 phantoms
  10 ogres
  A necrophage (D:7)
  39 centaurs
  11 crocodiles
  A big kobold (D:11)
  23 bullfrogs
  7 scorpions
  10 killer bees
  8 wights
  11 howler monkeys
  6 electric eels
  A bullfrog zombie (D:12)
  2 centaur zombies
  5 crimson imps
  A quasit (D:10)
  10 hounds
  15 orc priests
  A gnoll shaman (D:8)
  16 worker ants
  9 iguanas
  24 orc wizards
  A killer bee zombie (D:6)
  2 hound zombies
  4 mummies
  Robin (D:4)
  A worker ant zombie (D:6)
  14 adders
  3 gnolls (D:6)
  A howler monkey skeleton (D:4)
  4 shadow imps
  A white imp (D:14)
  2 ufetubi (D:14)
  An ooze (D:1)
  2 adder skeletons
  5 worms
  3 dart slugs
  11 leopard geckos
  50 orcs
  2 ball pythons
  5 bats
  3 giant cockroaches
  16 goblins
  7 hobgoblins
  9 jackals
  3 quokkas
  5 frilled lizards
  A gnoll zombie (Ossuary)
  2 goblin zombies (Ossuary)
  5 hobgoblin zombies
  A jackal skeleton (D:4)
  5 jackal zombies
  8 kobolds
  3 kobold zombies
  A leopard gecko skeleton (D:8)
  2 orc zombies (D:5)
  2 quokka zombies
  7 rats
607 creatures vanquished.

Vanquished Creatures (others)
  A hydra (Lair:6)
  An orc (D:11)
  2 fungi (Lair:6)
  23 plants (Lair:6)
27 creatures vanquished.

Grand Total: 634 creatures vanquished

Notes
Turn   | Place    | Note
-------+----------+-------------------------------------------
     0 | D:1      | gruber the Minotaur Fighter began the quest for the Orb.
     0 | D:1      | Reached XP level 1. HP: 19/19 MP: 0/0
   144 | D:1      | Reached XP level 2. HP: 26/26 MP: 1/1
   567 | D:1      | Reached XP level 3. HP: 31/31 MP: 2/2
   914 | D:2      | Found a shattered altar of Ashenzari.
   985 | D:2      | Found a faded altar of an unknown god.
   999 | D:2      | Reached skill level 5 in Long Blades
  1206 | D:2      | Reached XP level 4. HP: 32/39 MP: 3/3
  1718 | D:3      | Found an ornate altar of the Wu Jian Council.
  2054 | D:3      | Reached skill level 1 in Throwing
  2373 | D:4      | Noticed Sigmund
  2380 | D:4      | Killed Sigmund
  2380 | D:4      | Reached XP level 5. HP: 45/45 MP: 4/4
  2380 | D:4      | Reached XP level 6. HP: 51/51 MP: 5/5
  2434 | D:4      | Noticed Edmund
  2444 | D:4      | Killed Edmund
  2689 | D:4      | Got a bloodstained dagger
  2690 | D:4      | Identified the +8 dagger of Forced Transition {flame, rC+
                  | SInv} (You found it on level 4 of the Dungeon)
  2735 | D:4      | Reached skill level 5 in Throwing
  2743 | D:4      | Reached skill level 4 in Armour
  2744 | D:4      | Noticed Robin
  2748 | D:4      | Reached XP level 7. HP: 57/57 MP: 6/6
  2755 | D:4      | Killed Robin
  2770 | D:4      | Reached skill level 5 in Armour
  2855 | D:4      | Reached skill level 6 in Armour
  3318 | D:4      | Found a sacrificial altar of Ru.
  3455 | D:4      | Reached skill level 7 in Armour
  3609 | D:4      | Reached skill level 8 in Armour
  3609 | D:4      | Reached XP level 8. HP: 64/64 MP: 7/7
  3858 | D:5      | Entered Level 5 of the Dungeon
  3910 | D:5      | Reached skill level 9 in Armour
  4050 | D:5      | Found the +8 lance "Wyrmbane" {slay drac, rPois rF+ rC+
                  | AC+3}
  4258 | D:5      | Found a shadowy altar of Dithmenos.
  4353 | D:5      | Reached skill level 5 in Polearms
  4515 | D:5      | Reached XP level 9. HP: 63/70 MP: 8/8
  4731 | D:6      | Found a shimmering altar of Xom.
  4768 | D:6      | Found Inasenynk's Antique Armour Shop.
  4800 | D:6      | Found a staircase to the Ecumenical Temple.
  4846 | D:6      | Bought a distressingly furry scale mail for 171 gold pieces
  4856 | D:6      | Identified the +1 scale mail "Zeahej" {rF- MR+ Dex+2 SInv}
                  | (You bought it in a shop on level 6 of the Dungeon)
  5006 | D:6      | Found an ancient bone altar of Kikubaaqudgha.
  5052 | D:6      | Found a glowing drain.
  5405 | D:6      | Found a shattered altar of Ashenzari.
  5682 | D:7      | Reached skill level 10 in Polearms
  5914 | D:7      | Noticed a troll
  5923 | D:7      | Killed a troll
  6210 | D:7      | Found a stormy altar of Qazlal.
  6214 | D:7      | Reached XP level 10. HP: 72/77 MP: 9/9
  6288 | Temple   | Entered the Ecumenical Temple
  6493 | Temple   | Became a worshipper of Warmaster Okawaru
  6845 | D:8      | Found a burning altar of Makhleb.
  6845 | D:8      | Found an opulent altar of Gozag.
  6952 | D:8      | Found a shimmering blue altar of Sif Muna.
  6968 | D:8      | Found a snail-covered altar of Cheibriados.
  7193 | D:8      | Reached * piety under Okawaru
  7249 | D:8      | Found a sand-covered staircase.
  7254 | Ossuary  | Entered an ossuary
  7542 | Ossuary  | Reached skill level 5 in Shields
  7920 | D:8      | Noticed a two-headed ogre
  7930 | D:8      | Killed a two-headed ogre
  7930 | D:8      | Reached ** piety under Okawaru
  7963 | D:8      | Noticed an orange demon
  8326 | D:9      | Noticed Psyche
  8337 | D:9      | Killed Psyche
  8373 | D:9      | Found a snail-covered altar of Cheibriados.
  8538 | D:9      | Noticed a two-headed ogre
  8540 | D:9      | Noticed Erica
  8542 | D:9      | Reached *** piety under Okawaru
  8555 | D:9      | Killed a two-headed ogre
  8555 | D:9      | Reached skill level 10 in Shields
  8555 | D:9      | Reached XP level 11. HP: 80/82 MP: 10/10
  8563 | D:9      | Killed Erica
  9201 | D:10     | Entered Level 10 of the Dungeon
  9287 | D:10     | Reached **** piety under Okawaru
  9460 | D:10     | Found a staircase to the Lair.
  9573 | D:10     | Received a gift from Okawaru
  9698 | D:10     | Found a staircase to the Orcish Mines.
 11083 | Lair:1   | Entered Level 1 of the Lair of Beasts
 11557 | Lair:2   | Noticed a five-headed hydra
 11568 | Lair:2   | Killed a five-headed hydra
 11755 | Lair:2   | Received a gift from Okawaru
 11784 | Lair:2   | Noticed a four-headed hydra
 11791 | Lair:2   | Killed a four-headed hydra
 11864 | Lair:2   | Reached skill level 10 in Armour
 11929 | Lair:2   | Reached ***** piety under Okawaru
 12084 | Lair:2   | Reached XP level 12. HP: 90/90 MP: 11/11
 12386 | Lair:2   | Noticed a seven-headed hydra
 12398 | Lair:2   | Killed a seven-headed hydra
 12398 | Lair:2   | Reached skill level 11 in Armour
 12641 | Lair:3   | Found a staircase to the Shoals.
 12939 | Lair:3   | Found a staircase to the Snake Pit.
 12953 | Lair:3   | Reached skill level 12 in Armour
 13256 | Lair:3   | Reached skill level 13 in Armour
 13492 | Lair:3   | Found the +8 whip "Snakebite" {curare, rPois}
 14302 | Lair:4   | Reached skill level 14 in Armour
 14877 | Lair:5   | Received a gift from Okawaru
 14877 | Lair:5   | Reached ****** piety under Okawaru
 14900 | Lair:5   | Reached skill level 15 in Armour
 14912 | Lair:5   | Received a gift from Okawaru
 15277 | Lair:5   | Noticed Sonja
 15281 | Lair:5   | Killed Sonja
 15318 | Lair:5   | Reached XP level 13. HP: 95/95 MP: 12/12
 15792 | Lair:5   | Reached XP level 14. HP: 118/118 MP: 13/13
 15902 | Lair:6   | Entered Level 6 of the Lair of Beasts
 15952 | Lair:5   | Reached skill level 16 in Armour
 16505 | Lair:5   | Reached skill level 10 in Fighting
 17096 | D:11     | Noticed Maurice
 17120 | D:11     | Killed Maurice
 18170 | D:12     | Received a gift from Okawaru
 18193 | D:12     | Got a vibrating platinum ring
 18303 | D:12     | Found a snail-covered altar of Cheibriados.
 18613 | D:12     | Noticed Nessos
 18625 | D:12     | Killed Nessos
 19507 | D:13     | Found a gate to the Vaults.
 19906 | D:13     | Received a gift from Okawaru
 19906 | D:13     | Reached skill level 1 in Dodging
 20440 | D:14     | Identified the ring of Harmony {rF+ rC- rN+ MP+9 Int+2}
                  | (You found it on level 12 of the Dungeon)
 20736 | D:14     | Reached skill level 5 in Dodging
 20829 | D:14     | Received a gift from Okawaru
 20906 | D:14     | Got a steaming trident {god gift}
 20907 | D:14     | Identified the +1 trident "Faoces" {speed, rPois MR+ Str+2}
                  | (Okawaru gifted it to you on level 14 of the Dungeon)
 21199 | D:14     | Reached XP level 15. HP: 131/136 MP: 14/14
 22094 | D:15     | Entered Level 15 of the Dungeon
 22383 | D:15     | Found a staircase to the Depths.
 22421 | D:15     | HP: 2/136 [white ugly thing (51)]
 22422 | D:15     | Demolished by a white ugly thing

Illustrated notes

Levels and vault maps discovered:
D:1:      nagdon_arrival_zigzag_paths, layout_basic,
          chequers_serial_rivers_micro_a
D:2:      wad_pebble_path, layout_rooms, ashenzari_conservatory_becter,
          chequers_ecumenical_altar_simple
D:3:      layout_loops_cross, lemuel_crystal_altar
D:4:      minmay_chambers_of_threes, layout_basic, first_ration,
          nicolae_ru_path_of_blood, uniq_robin, uniq_edmund, uniq_sigmund
D:5:      layout_basic, nicolae_overflow_crystal_walls, minmay_mini_ossuary
D:6:      layout_basic, xom_butterflies, nicolae_overflow_hidden_temple,
          minmay_temple_entry_statues_pillars, cheibrodos_sewer_entry_sluice,
          serial_shops, nicolae_shop_competitors_out_of_business,
          ashenzari_altar_1
D:7:      minmay_polygon_palace, layout_basic, nicolae_qazlal_general_emergency
D:8:      wad_arrow_thing, layout_cave_pods, lemuel_doored_altar,
          lemuel_crystal_altar, gammafunk_temple_overflow_pools,
          nicolae_ossuary_entry_plus, uniq_joseph
D:9:      layout_loops_ring, basic_altar, uniq_psyche, uniq_erica
D:10:     layout_basic, minmay_lair_entry_grove, erik_orc_4, dk_vineyard_1
D:11:     layout_long_grid, uniq_maurice
D:12:     minmay_wavy_crystal, layout_small_grid, the_bakery,
          cheibriados_altar_1, uniq_nessos
D:13:     layout_small_grid, david_vaults_2, drop_trap
D:14:     layout_layer_cave, serial_ice, serial_ice_f, serial_ice_c,
          serial_ice_g, serial_ice_h, serial_ice_i, serial_ice_e,
          portal_ice_cave_rime, minmay_statue_bubble
D:15:     gammafunk_depths_entry_grave, layout_cave_pods, minmay_misc_feat_tiny
Temple:   hc_temple_tempest_star
Lair:1:   layout_misc_corridors, infiniplex_staircase_pool_2, grunt_megastairs_5
Lair:2:   layout_concentric_octagons
Lair:3:   minmay_guarded_unrand_snakebite, layout_regular_city,
          minmay_shoals_entry_centaurs, minmay_snake_entry_guardpost_large
Lair:4:   layout_roguey
Lair:5:   layout_cave_shapes, serial_bayou_shore_b, grunt_megastairs_1,
          uniq_sonja
Lair:6:   minmay_lair_end_frog_pond, layout_hall_layers,
          nicolae_slime_entry_slimehenge, serial_rivers,
          chequers_serial_rivers_small_a, chequers_serial_rivers_small_a,
          chequers_serial_rivers_micro_e, chequers_serial_rivers_micro_a

Skill      XL: |  1  2  3  4  5  6  7  8  9 10 11 12 13 14 15 |
---------------+----------------------------------------------+-----
Long Blades    | 3 4 5 6 |  6.0
Throwing       | 3 5 |  5.1
Armour         | 4 8 9 10 15 16 | 16.0
Shields        | 4 10 14 | 14.1
Polearms       | 6 11 13 14 | 14.1
Fighting       | 9 13 | 13.4
Dodging        | 7 8 |  8.1

Action                   |  1- 3 |  4- 6 |  7- 9 | 10-12 | 13-15 || total
-------------------------+-------+-------+-------+-------+-------++-------
Melee: Long sword        |    85 |    81 |       |       |       ||   166
       Headbutt          |    11 |    19 |    47 |   169 |   135 ||   381
       Dagger            |       |    14 |    85 |       |       ||    99
       Lance             |       |       |   235 |   844 |   447 ||  1526
       Demon trident     |       |       |       |       |   225 ||   225
       Trident           |       |       |       |       |    19 ||    19
Throw: Dart              |       |     2 |       |    17 |     8 ||    27
Invok: Heroism           |       |       |       |     4 |    11 ||    15
       Finesse           |       |       |       |       |     1 ||     1
Evoke: Wand              |       |       |       |     1 |     3 ||     4
  Use: Scroll            |       |       |       |       |    17 ||    17
       Potion            |       |       |       |       |     3 ||     3
 Stab: Paralysed         |       |       |       |     2 |     9 ||    11
  Eat: Chunk             |     1 |     5 |    11 |    19 |    17 ||    53
       Ration            |       |       |       |     3 |     1 ||     4
Armor: Scale mail        |    28 |    27 |    60 |    82 |    79 ||   276
Dodge: Dodged            |    20 |    24 |    34 |    66 |   124 ||   268
Block: Kite shield       |    38 |    41 |    72 |   307 |   423 ||   881
       Reflection        |       |       |       |     8 |    72 ||    80
       Rpst.: Long sword |     2 |     5 |       |       |       ||     7
